 Dungeon Crawl Stone Soup version 0.30-a0-165-g1891117ce2 (webtiles) character file.

Game seed: 10410185061263185675

3 spaghetti the Trooper (level 1, -4/18 HPs)
             Began as a Mummy Berserker on Sept 28, 2022.
             Was a Follower of Trog.
             Slain by a gnoll
             ... wielding a +0 flail
              (6 damage)
             ... on level 1 of the Dungeon.
             The game lasted 00:00:19 (210 turns).

spaghetti the Trooper (Mummy Berserker)              Turns: 210, Time: 00:00:19

Health: -4/18      AC:  2    Str: 20    XL:     1   Next: 41%
Magic:  1/1        EV: 12    Int:  6    God:    Trog [*.....]
Gold:   25         SH:  0    Dex: 11    Spells: 0/0 levels left

rFire   x . .      SeeInvis .    a - +0 mace {mace}
rCold   + . .      Faith    +    (no shield)
rNeg    + + +      Spirit   .    b - +0 animal skin
rPois   ∞          Reflect  .    (no helmet)
rElec   .          Harm     .    (no cloak)
rCorr   .          Rampage  .    (no gloves)
Will    .....                    (no boots)
Stlth   +.........               (no amulet)
HPRegen 0.06/turn                (no ring)
MPRegen 0.07/turn                (no ring)

@: no status effects
A: cold resistance 1, negative energy resistance 3, torment resistance 2, heat
vulnerability 1, no potions, faith
a: Renounce Religion


You were on level 1 of the Dungeon.
You worshipped Trog.
Trog was aware of your devotion.
You visited 1 branch of the dungeon, and saw 1 of its levels.

You collected 25 gold pieces.


Innate Abilities, Weirdness & Mutations

You are immune to poison.
Your flesh is cold resistant. (rC+)
You are immune to negative energy. (rN+++)
You are immune to unholy pain and torment.
You are vulnerable to heat. (rF-)
You do not drink.
You have a special connection with the divine. (Faith)


   Skills:
 + Level 3.0 Fighting
 * Level 2.5 Maces & Flails
 + Level 1.6 Armour
 - Level 1.5 Dodging


You couldn't memorise any spells.
You didn't know any spells.
Your spell library was empty.

Inventory:

Hand Weapons
 a - a +0 mace (weapon) {mace}
Armour
 b - a +0 animal skin (worn)
Scrolls
 c - a scroll of identify {unknown}

Dungeon Overview and Level Annotations

Branches:
Dungeon (1/15) Zot: 5786

Altars:

##.....#####.#.......####
########...........##
#.##.##.....#
###.##.##.....#
#......##.....#
####.#.#####.#####
#.......####.#
#.##.#.......# #
#.##.##@..# #......g....#
####.##....!.#
#.###....$.. ..# .....##
### ....## #####


You could see a gnoll.


Message History

A bat comes into view.
A bat is nearby!
A bat is nearby!
A bat is nearby!
The bat closely misses you.
You closely miss the bat. The bat barely misses you. The bat hits you. 😕 HP[-1]
You take 1 damage, and now have 17/18 hp.
You are too injured to fight recklessly!
You are too injured to fight recklessly!
You are too injured to fight recklessly!
You are too injured to fight recklessly!
You are too injured to fight recklessly!
You are too injured to fight recklessly!
You are too injured to fight recklessly!
You are too injured to fight recklessly!
You are too injured to fight recklessly!
You are too injured to fight recklessly!
You are too injured to fight recklessly!
You are too injured to fight recklessly!
You are too injured to fight recklessly!
You are too injured to fight recklessly!
You miss the bat. The bat closely misses you.
The bat hits you but does no damage. The bat closely misses you.
You hit the bat.
You kill the bat!
Trog accepts your kill.
Found a stone staircase leading down. 😎 HP[+1]
Your hp is fully restored (18).
A ball python comes into view.
A ball python is nearby!
A ball python is nearby!
You sock the ball python!
You kill the ball python!
Trog accepts your kill.
No target in view!
No target in view!
No target in view!
No target in view!
No target in view!
No target in view!
No target in view!
No target in view!
No target in view!
No target in view!
Found a stone staircase leading down.
A rat comes into view.
A rat is nearby!
A rat is nearby!
The rat completely misses you.
You sock the rat!
You kill the rat!
Trog accepts your kill.
No target in view!
No target in view!
No target in view!
No target in view!
No target in view!
No target in view!
No target in view!
No target in view!
No target in view!
No target in view!
No target in view!
No target in view!
No target in view!
You now have 15 gold pieces.
c - a scroll labelled KOKKOZ SICIRPH You now have 25 gold pieces (gained 10).
A gnoll comes into view. It is wielding a +0 flail.
A gnoll is nearby!
The helpless gnoll fails to defend itself.
You hit the gnoll. The gnoll barely misses you.
You hit the gnoll. The gnoll closely misses you. The gnoll barely misses you.
You barely miss the gnoll.
The gnoll hits you with a +0 flail. 😕 HP[-2]
You take 2 damage, and now have 16/18 hp.
You are too injured to fight recklessly!
You are too injured to fight recklessly!
You are too injured to fight recklessly!
You are too injured to fight recklessly!
You are too injured to fight recklessly!
You are too injured to fight recklessly!
You are too injured to fight recklessly!
You are too injured to fight recklessly!
You are too injured to fight recklessly!
You are too injured to fight recklessly!
You are too injured to fight recklessly!
You completely miss the gnoll.
The gnoll hits you with a +0 flail. 😮 HP[-5]
You take 5 damage, and now have 11/18 hp.
MASSIVE DAMAGE!! (PAUSE)
You closely miss the gnoll. The gnoll closely misses you.
You hit the gnoll. The gnoll hits you with a +0 flail!
Ouch! That really hurt!
* * * LOW HITPOINT WARNING * * *
The gnoll hits you with a +0 flail.
You die...

Action                   || total
-------------------------++-------
Melee: Mace              ||    11
 Stab: Sleeping          ||     1
Armor: Animal skin       ||     1
Dodge: Dodged            ||     9

Levels and vault maps discovered:
D:1:      lemuel_arrival_tunnels, layout_loops_cross

Notes
Turn   | Place    | Note
-------+----------+-------------------------------------------
     0 | D:1      | spaghetti the Mummy Berserker began the quest for the Orb.
     0 | D:1      | Reached XP level 1. HP: 18/18 MP: 1/1
     0 | D:1      | magus.rc [v1.9.6]
   210 | D:1      | HP: 2/18 [gnoll/+0 flail (9)]
   210 | D:1      | Slain by a gnoll

Vanquished Creatures
  A ball python (D:1)
  A bat (D:1)
  A rat (D:1)
3 creatures vanquished.

Table legend:
 A = Non-vault XP
 B = Vault XP
 C = Vault XP percentage of total XP
 D = Non-vault monster count
 E = Vault monster count
 F = Vault count percentage of total count
                 A         B        C        D         E       F
            +---------+---------+-------+---------+---------+-------
      Total |       5 |       0 |   0.0 |       3 |       0 |   0.0
            +---------+---------+-------+---------+---------+-------
        D:1 |       5 |       0 |   0.0 |       3 |       0 |   0.0
            +---------+---------+-------+---------+---------+-------

Illustrated notes

Table legend:
 A = Kills in this place as a percentage of kills in entire the game.
 B = Kills by you in this place as a percentage of kills by you in the entire game.
 C = Kills by friends in this place as a percentage of kills by friends in the entire game.
 D = Other kills in this place as a percentage of other kills in the entire game.
 E = Experience gained in this place as a percentage of experience gained in the entire game.
 F = Experience gained in this place divided by the number of levels of this place that you have seen.
                   A       B       C       D       E      F
               +-------+-------+-------+-------+-------+----------------------
         Total | 100.0 | 100.0 |   N/A |   N/A | 100.0 |   5.0
       Dungeon | 100.0 | 100.0 |   N/A |   N/A | 100.0 |   5.0
               +-------+-------+-------+-------+-------+----------------------

Table legend: (Time is in decaauts)
 A = Elapsed time spent in this place.
 B = Non-inter-level travel time spent in this place.
 C = Inter-level travel time spent in this place.
 D = Time resting spent in this place.
 E = Time spent auto-exploring this place.
 F = Levels seen in this place.
 G = Mean time per level.
                   A        B        C        D        E       F      G
               +--------+--------+--------+--------+--------+-----+--------+
         Total |    212 |    212 |      0 |      0 |    184 |   1 |  212.0 |
       Dungeon |    212 |    212 |      0 |      0 |    184 |   1 |  212.0 |
               +--------+--------+--------+--------+--------+-----+--------+

Top non-repeatable levels by time:
     D:1: 212 daAuts
